 Dungeon Crawl Stone Soup version 5.2-56-g927a965 (console) character file.

75443 prospero the Bludgeoner (level 18, 0/132 HPs)
             Began as a Gargoyle Berserker on Dec 25, 2017.
             Was a High Priest of Trog.
             Hit by a large rock thrown by a stone giant (5 damage)
             ... on level 3 of the Vaults on Dec 28, 2017.
             The game lasted 01:20:34 (28696 turns).

prospero the Bludgeoner (Gargoyle Berserker)       Turns: 28696, Time: 01:20:35

Health: 0/132      AC: 43 (50%)Str: 28  XL:     18   Next: 24%
Magic:  0/19       EV: 16    Int: 14    God:    Trog [5*[122]]
Gold:   750        SH:  0    Dex: 25    Spells: 17/17 levels left

rFire    + + .     SeeInvis .   a - +8 great mace
rCold    + . .     Faith    .   (shield currently unavailable)
rNeg     + + +     Spirit   +   d - +1 plate armour {rF+}
rPois    ∞         Reflect  .   S - +2 hat of the Bear Spirit {Spirit, +Rage rN+ MR++}
rElec    +                      W - +2 cloak {MR+}
rCorr    +                      T - +2 pair of gloves {Dex+3}
MR       +++++                  J - +1 pair of boots
Stlth    ..........             (no amulet)
Regen    0.4/turn               h - +3 ring of slaying
MPRegen  0.3/turn               Y - ring of Shadows {Umbra Dex+13}

@: brilliant, resistant, flying, wreathed by umbra
A: big wings, high mp 1, negative energy resistance 1, robust 1, electricity
resistance, unbreathing, petrification resistance, rot immunity, AC +13
}: 1/9 runes: gossamer
a: Stop Flying, Berserk, Trog's Hand, Brothers in Arms, Renounce Religion, Evoke
Berserk Rage


You were on level 3 of the Vaults.
You worshipped Trog.
Trog was extremely pleased with you.
You were not hungry.

You visited 4 branches of the dungeon, and saw 23 of its levels.
You also visited: Volcano.

You collected 2731 gold pieces.
You spent 1981 gold pieces at shops.

Inventory:

Hand Weapons
 a - a +8 great mace (weapon)
 b - a +4 triple crossbow of flaming
 o - a +0 longbow
 r - the +6 morningstar "Coshrevol" {antimagic, *Rage rF++ Dex+4}
   (You found it on level 1 of the Spider Nest)

   It reduces the magical energy of the wielder, and disrupts the spells and
   magical abilities of those hit.
   Natural abilities and divine invocations are not affected.
   It affects your dexterity (+4).
   It greatly protects you from fire.
   It may make you go berserk in combat.
 Q - the +6 arbalest of Causality {elec, rC+ Str+7 Int-4}
   (You found it on level 12 of the Dungeon)

   It charges the ammunition it shoots with electricity; occasionally upon a
   hit, such missiles may discharge and cause terrible harm.
   It affects your strength (+7).
   It affects your intelligence (-4).
   It protects you from cold.
Missiles
 g - 82 silver javelins (quivered)
 l - 1954 bolts
 p - 2383 arrows
 K - 23 curare darts
Armour
 d - a +1 plate armour of fire resistance (worn)
 J - a +1 pair of boots (worn)
 O - a +2 helmet of see invisible
 S - the +2 hat of the Bear Spirit (worn) {Spirit, +Rage rN+ MR++}
   (You bought it in a shop on level 2 of the Orcish Mines)

   It protects you from negative energy.
   It affects your resistance to hostile enchantments.
   It lets you go berserk.
 T - a +2 pair of gloves of dexterity (worn)
 V - a +1 pair of gloves of strength
 W - a +2 cloak of magic resistance (worn)
Jewellery
 f - an uncursed ring of resist corrosion
 h - a +3 ring of slaying (left hand)
 v - an uncursed ring of see invisible
 y - an uncursed ring of protection from magic
 M - a +3 ring of protection
 Y - the ring of Shadows (right hand) {Umbra Dex+13}
   (You found it on level 1 of the Vaults)

   [ring of evasion]

   It affects your dexterity (+13).
Wands
 c - a wand of digging (10)
 e - a wand of enslavement (11)
 m - a wand of paralysis (14)
 z - a wand of flame (21)
 A - a wand of iceblast (3)
 R - a wand of polymorph (7)
 X - a wand of clouds (1)
 Z - a wand of confusion (12)
Scrolls
 t - 3 scrolls of magic mapping
 D - 8 scrolls of teleportation
 H - 2 scrolls of silence
 L - 3 scrolls of summoning
Potions
 i - 2 potions of cancellation
 j - 12 potions of curing
 n - 4 potions of berserk rage
 s - 7 potions of mutation
 u - 8 potions of ambrosia
 B - 2 potions of resistance
 G - 4 potions of lignification
 P - a potion of invisibility
 U - a potion of magic
Miscellaneous
 w - a sack of spiders


   Skills:
 - Level 15.6 Fighting
 - Level 20.0 Maces & Staves
 + Level 8.9 Crossbows
 - Level 15.2 Armour
 - Level 10.0 Dodging


You had 17 spell levels left.
You didn't know any spells.

Dungeon Overview and Level Annotations

Branches:
Dungeon (15/15) Spider (3/3) Orc:2 Slime (0/4) Orc:2 Vaults:3 Orc (2/2) D:15 Vaults (3/3) D:15 Spider:3 Depths (0/3) D:15 Vaults:3 Swamp: Orc:2 Shoals: Orc:2

Altars:
Cheibriados
Dithmenos
Elyvilon
Gozag
Hepliaklqana
Jiyva
Kikubaaqudgha
Makhleb
Nemelex Xobeh
Okawaru
Qazlal
Ru
Sif Muna
Trog
Uskayaw
Vehumet
Wu Jian
Xom
Yredelemnul
Zin
The Shining One

Shops:
D:14 *   Orc:2 =([[}   Vaults:1 (


Innate Abilities, Weirdness & Mutations

You are resistant to torment.
Your stone body is resilient. (AC +13)
You are immune to poison.
Your large and strong wings let you fly indefinitely.
You resist negative energy. (rN+)
You are resistant to electric shocks. (rElec)
You can survive without breathing.
You are immune to petrification.
You are immune to rotting.
You have an increased reservoir of magic. (+10% MP)
You are robust. (+10% HP)


Message History

The yaktaur captain hits you (8)!
* * * LOW HITPOINT WARNING * * *
You barely miss the yaktaur captain.
The yaktaur captain is moderately wounded.
You hammer the yaktaur captain like a gong (41)!!!
The yaktaur captain is severely wounded.
You hear a shout!
The yaktaur captain hits you but does no damage.
You crush the yaktaur captain like a grape (46)!!!
You kill the yaktaur captain!
Trog accepts your kill.
The stone giant throws a large rock.
The large rock closely misses you (0).
The stone giant throws a large rock.
The large rock hits you (24)!!
* * * LOW HITPOINT WARNING * * *
Your magical contamination has completely faded away.
A tengu reaver comes into view.
It is wielding a +2 long sword of holy wrath.
Things that are here:
a +0 arbalest; 92 bolts The stone giant throws a large rock.
The large rock hits you (6).
You die...

#.....
#....######
#.......(..
#..........
#........
#.Q....
#...c#####
#........#..
#)C#s...........
#))#............
#.@#.....#......
#.)##...###....#
#..#...p.#......
#..#.$C.TO......
#..#..)cC(.....(
#..#.OO.......(}
#).#..O..#...$})
#..##.OO########
#..#...s.
#..#...{.
#..#.....


You could see a stone giant and a tengu reaver.

Vanquished Creatures
  Mennas (Vaults:3)
  Saint Roka (Vaults:2)
  Nikola (Spider:2)
  Arachne (Spider:1)
  2 orc warlords
  A frost giant (D:15)
  A fire giant (Vaults:3)
  6 emperor scorpions (Spider:3)
  4 ghost moths (Spider:3)
  3 vault wardens
  5 ironheart preservers
  4 stone giants
  3 entropy weavers
  2 very ugly things (Vaults:1)
  2 deep elf demonologists (Vaults:1)
  Snorg (D:13)
  An ettin (Vaults:2)
  A crystal guardian (Vaults:1)
  2 fire dragons
  5 vault guards
  2 yaktaur captains
  3 hydras
  3 great orbs of eyes
  A rakshasa (Vaults:2)
  An ice dragon (Vaults:2)
  2 ogre magi
  2 death knights
  4 centaur warriors
  A deep troll shaman (Vaults:1)
  5 two-headed ogres
  2 deep troll earth magi (Vaults:1)
  An orc high priest (Orc:2)
  Sonja (D:11)
  3 deep elf knights
  A shadow wraith (Vaults:2)
  A fire crab (D:14)
  An unseen horror (shapeshifter) (D:13)
  7 skeletal warriors
  5 deep trolls (Vaults:1)
  4 unseen horrors
  4 deep elf archers
  4 wizards
  A phantasmal warrior (Vaults:3)
  7 ironbrand convokers
  6 harpies
  5 orc knights
  3 hornets
  3 orc sorcerers
  10 wolf spiders
  8 ugly things
  6 cyclopes
  2 manticores
  4 deep elf magi
  2 black mambas
  2 moths of wrath (Spider:3)
  2 vault sentinels (Vaults:1)
  10 orb spiders
  A guardian serpent (shapeshifter) (Vaults:2)
  4 spiny frogs
  An orb spider (shapeshifter) (Vaults:3)
  2 torpor snails
  A gargoyle (D:12)
  3 freezing wraiths
  A rime drake (D:13)
  8 yaktaurs
  9 demonic crawlers
  3 meliai (D:13)
  25 jumping spiders
  A queen bee (D:13)
  A meliai (shapeshifter) (D:15)
  6 trolls
  8 blink frogs
  2 slime creatures (D:15)
  A raiju (shapeshifter) (D:14)
  63 redbacks
  2 flying skulls (Volcano)
  A vampire (D:15)
  3 shadows
  30 tarantellas
  19 humans (D:15)
  A yak (shapeshifter) (Vaults:2)
  10 yaks
  7 wyverns
  A steam dragon (D:10)
  5 wraiths
  5 angry ghosts
  2 wargs
  Menkaure (D:8)
  3 water moccasins
  A porcupine (shapeshifter) (D:14)
  43 orc warriors
  11 ice beasts
  A spiny frog skeleton (D:9)
  A blink frog zombie (D:13)
  A black bear (D:8)
  5 wasps
  4 boggarts (Vaults:1)
  A phantom (D:7)
  23 ogres
  A wolf (D:9)
  12 centaurs
  A rime drake zombie (D:14)
  A blink frog skeleton (D:8)
  Blork the orc (D:4)
  A bullfrog (D:7)
  2 water moccasin zombies
  3 scorpions
  A water moccasin skeleton (D:4)
  A wyvern skeleton (D:13)
  3 crimson imps
  A human simulacrum (Vaults:1)
  20 killer bees
  An electric eel (D:9)
  A wight (D:11)
  A howler monkey (D:4)
  2 hounds (D:7)
  A quasit (D:6)
  5 centaur skeletons
  6 jellies
  A wasp zombie (D:12)
  14 orc priests
  2 centaur zombies
  Jessica (D:3)
  Terence (D:3)
  15 orc wizards
  7 worker ants
  A wasp simulacrum (D:9)
  A centaur simulacrum (D:9)
  4 mummies (Volcano)
  2 hound skeletons
  Samantha (D:3)
  A howler monkey skeleton (D:4)
  13 adders
  4 white imps (D:9)
  A dart slug (D:2)
  100 orcs
  10 quokkas
  A giant cockroach (D:1)
  20 goblins
  12 hobgoblins
  2 jackals (D:3)
  3 ball pythons
  6 bats
  2 frilled lizards
  8 kobolds
  A quokka skeleton (D:4)
  6 rats
802 creatures vanquished.

Vanquished Creatures (collateral kills)
  Donald (Spider:3)
  2 fire giants (Vaults:3)
  An ironheart preserver (Vaults:1)
  3 two-headed ogres
  A wolf spider (Spider:3)
  A deep elf mage (Vaults:1)
  A centaur zombie (D:10)
  A jumping spider (Spider:3)
  4 redbacks
  A water moccasin (D:10)
  2 orc warriors (Orc:1)
  An ogre (Vaults:3)
  3 orcs (Orc:1)
22 creatures vanquished.

Vanquished Creatures (others)
  A wolf spider (Spider:1)
  An orc priest (D:9)
  13 plants (D:13)
15 creatures vanquished.

Grand Total: 839 creatures vanquished

Notes
Turn   | Place    | Note
-------+----------+-------------------------------------------
     0 | D:1      | prospero the Gargoyle Berserker began the quest for the Orb.
     0 | D:1      | Reached XP level 1. HP: 14/14 MP: 1/1
    44 | D:1      | Reached XP level 2. HP: 12/19 MP: 2/2
   323 | D:1      | Reached skill level 4 in Maces & Staves
   423 | D:1      | Reached XP level 3. HP: 23/23 MP: 3/3
   937 | D:1      | Reached ** piety under Trog
  1244 | D:2      | Found a hazy altar of Hepliaklqana.
  1279 | D:2      | Reached XP level 4. HP: 24/28 MP: 4/4
  1290 | D:2      | Reached skill level 5 in Maces & Staves
  1357 | D:2      | Found a white marble altar of Elyvilon.
  1555 | D:2      | Found an opulent altar of Gozag.
  1767 | D:2      | Found a stormy altar of Qazlal.
  1798 | D:2      | Found a sparkling altar of Nemelex Xobeh.
  1809 | D:2      | Reached XP level 5. HP: 32/32 MP: 5/5
  1960 | D:2      | Found a shimmering altar of Xom.
  2099 | D:3      | Noticed Jessica
  2103 | D:3      | Killed Jessica
  2132 | D:3      | Noticed Samantha
  2161 | D:3      | Killed Samantha
  2161 | D:3      | Reached skill level 6 in Maces & Staves
  2219 | D:3      | Found an ornate altar of the Wu Jian Council.
  2401 | D:3      | Reached XP level 6. HP: 33/37 MP: 6/6
  2430 | D:3      | Reached skill level 7 in Maces & Staves
  2546 | D:3      | Noticed Terence
  2558 | D:3      | Killed Terence
  2589 | D:3      | Reached *** piety under Trog
  2722 | D:3      | Found an ancient bone altar of Kikubaaqudgha.
  2882 | D:4      | Got the +5 spear "Jaowiler" {pain, rF+ MR+ MP-9 Dex+3}
  2967 | D:4      | Reached XP level 7. HP: 38/41 MP: 7/7
  3007 | D:4      | Found a radiant altar of Vehumet.
  3125 | D:4      | Found a glowing golden altar of the Shining One.
  3224 | D:4      | Noticed Blork the orc
  3238 | D:4      | Killed Blork the orc
  3238 | D:4      | Reached skill level 8 in Maces & Staves
  3312 | D:4      | Found a bloodstained altar of Trog.
  3312 | D:4      | Found a shadowy altar of Dithmenos.
  3314 | D:4      | Found a sacrificial altar of Ru.
  3314 | D:4      | Found a glowing silver altar of Zin.
  3316 | D:4      | Found a basalt altar of Yredelemnul.
  3317 | D:4      | Found a hide-covered altar of Uskayaw.
  3337 | D:4      | Found a snail-covered altar of Cheibriados.
  3642 | D:4      | Reached skill level 9 in Maces & Staves
  3933 | D:5      | Entered Level 5 of the Dungeon
  4008 | D:5      | Reached XP level 8. HP: 46/46 MP: 8/8
  4170 | D:5      | Found an iron altar of Okawaru.
  4507 | D:5      | Reached skill level 10 in Maces & Staves
  4598 | D:5      | Found a viscous altar of Jiyva.
  4761 | D:5      | Found a deep blue altar of Sif Muna.
  5350 | D:6      | Reached skill level 11 in Maces & Staves
  5693 | D:6      | Found a burning altar of Makhleb.
  5749 | D:7      | Noticed a wyvern
  5762 | D:7      | Killed a wyvern
  5762 | D:7      | Reached XP level 9. HP: 36/51 MP: 9/9
  5951 | D:7      | Got the +9 mace of Saudomell {freeze, *Drain rElec rPois rC+}
  6054 | D:7      | Reached skill level 12 in Maces & Staves
  6628 | D:8      | Noticed Menkaure
  6634 | D:8      | Killed Menkaure
  6653 | D:8      | Reached **** piety under Trog
  6674 | D:8      | Reached skill level 13 in Maces & Staves
  6812 | D:8      | Noticed a two-headed ogre
  6820 | D:8      | Killed a two-headed ogre
  6820 | D:8      | Reached skill level 14 in Maces & Staves
  6820 | D:8      | Reached XP level 10. HP: 21/56 MP: 10/10
  7709 | D:9      | Reached skill level 5 in Fighting
  7985 | D:9      | Noticed a spiny frog
  7995 | D:9      | Killed a spiny frog
  8495 | D:10     | Entered Level 10 of the Dungeon
  8590 | D:10     | Reached XP level 11. HP: 59/71 MP: 11/11
  8629 | D:10     | Noticed a two-headed ogre
  8645 | D:10     | Killed a two-headed ogre
  8645 | D:10     | Reached skill level 10 in Fighting
  8890 | D:10     | Noticed a cyclops
  8897 | D:10     | Killed a cyclops
  8897 | D:10     | Reached skill level 5 in Armour
  9336 | D:11     | Noticed a death knight
  9355 | D:11     | Killed a death knight
  9358 | D:11     | Noticed a skeletal warrior
  9388 | D:11     | Killed a skeletal warrior
  9430 | D:11     | Noticed a two-headed ogre
  9440 | D:11     | Killed a two-headed ogre
  9727 | D:11     | Reached XP level 12. HP: 63/78 MP: 12/12
  9756 | D:11     | Reached skill level 10 in Armour
 10109 | D:11     | Noticed a five-headed hydra
 10121 | D:11     | Killed a five-headed hydra
 10219 | D:11     | Found a burning altar of Makhleb.
 10294 | D:11     | Noticed Sonja
 10296 | D:11     | Noticed a nine-headed hydra
 10329 | D:11     | Killed a nine-headed hydra
 10565 | D:11     | Killed Sonja
 11678 | D:12     | Got the +6 arbalest of Causality {elec, rC+ Str+7 Int-4}
 11917 | D:13     | Noticed Snorg
 11929 | D:13     | Killed Snorg
 11929 | D:13     | Reached XP level 13. HP: 87/87 MP: 13/13
 13396 | D:14     | Found Beock's Changing Room.
 13551 | D:14     | Noticed a fire dragon
 13560 | D:14     | Killed a fire dragon
 13904 | D:14     | Reached skill level 15 in Maces & Staves
 14669 | D:15     | Entered Level 15 of the Dungeon
 14963 | D:15     | Gained mutation: Your large and strong wings let you fly indefinitely. [Gargoyle growth]
 14963 | D:15     | Reached XP level 14. HP: 94/94 MP: 14/14
 14978 | D:15     | Reached skill level 16 in Maces & Staves
 15198 | D:15     | Found a gate to the Vaults.
 15218 | D:15     | HP: 4/94 [human (5)]
 15826 | D:15     | Reached ***** piety under Trog
 15837 | D:15     | Reached skill level 17 in Maces & Staves
 16260 | D:15     | Found a staircase to the Depths.
 16260 | D:15     | Noticed a frost giant
 16267 | D:15     | Killed a frost giant
 16315 | D:15     | Found a staircase to the Orcish Mines.
 16555 | Orc:1    | Entered Level 1 of the Orcish Mines
 16671 | Orc:1    | Noticed an orc warlord
 16685 | Orc:1    | Killed an orc warlord
 16903 | Orc:1    | Found a dark tunnel.
 16912 | Volcano  | Entered a volcano
 17846 | Orc:2    | Entered Level 2 of the Orcish Mines
 17864 | Orc:2    | Reached skill level 18 in Maces & Staves
 18027 | Orc:2    | Found a burning altar of Makhleb.
 18052 | Orc:2    | Found Imnoyk's Armour Boutique.
 18070 | Orc:2    | Bought a +2 helmet of see invisible for 279 gold pieces
 18102 | Orc:2    | Found Zeprut's Gadget Shop.
 18258 | Orc:2    | Found a viscous altar of Jiyva.
 18259 | Orc:2    | Found a staircase to the Slime Pits.
 18691 | Orc:2    | Found a hole to the Spider Nest.
 18902 | Orc:2    | Found Qeanucs's Jewellery Shop.
 19107 | Orc:2    | Received a gift from Trog
 19109 | Orc:2    | Noticed an orc warlord
 19129 | Orc:2    | Reached XP level 15. HP: 96/98 MP: 15/15
 19180 | Orc:2    | Killed an orc warlord
 19477 | Orc:2    | Found Keto Dua's Antique Weapon Boutique.
 19485 | Orc:2    | Found Iluaj's Antique Armour Shop.
 19499 | Orc:2    | Bought the +2 hat of the Bear Spirit {Spirit, +Rage rN+ MR++} for 968 gold pieces
 19499 | Orc:2    | Bought a +2 pair of gloves of dexterity for 494 gold pieces
 19667 | Orc:2    | Bought an uncursed ring of resist corrosion for 240 gold pieces
 19674 | Orc:2    | Gained mutation: You have an increased reservoir of magic. (+10% MP) [potion of mutation]
 19674 | Orc:2    | Gained mutation: You are robust. (+10% HP) [potion of mutation]
 19834 | Spider:1 | Entered Level 1 of the Spider Nest
 19834 | Spider:1 | Noticed Arachne
 19865 | Spider:1 | Killed Arachne
 19865 | Spider:1 | Reached skill level 19 in Maces & Staves
 21142 | Spider:1 | Got the +6 morningstar "Coshrevol" {antimagic, *Rage rF++ Dex+4}
 21501 | Spider:2 | Received a gift from Trog
 21929 | Spider:2 | Reached skill level 20 in Maces & Staves
 22109 | Spider:2 | Noticed Nikola
 22122 | Spider:2 | Killed Nikola
 22725 | Spider:3 | Entered Level 3 of the Spider Nest
 22795 | Spider:3 | Noticed an emperor scorpion
 22801 | Spider:3 | Reached XP level 16. HP: 84/115 MP: 14/17
 23400 | Spider:3 | Reached skill level 15 in Fighting
 23746 | Spider:3 | Found a gate to the Vaults.
 23754 | Spider:3 | Got a gossamer rune of Zot
 23883 | Spider:3 | Noticed Donald
 23907 | Spider:3 | Killed Donald
 23907 | Spider:3 | Reached skill level 15 in Armour
 25030 | Vaults:1 | Entered Level 1 of the Vaults
 25148 | Vaults:1 | Found Kiofijo's Antique Weapon Shoppe.
 25292 | Vaults:1 | Noticed a Brimstone Fiend
 25297 | Vaults:1 | Noticed an Executioner
 25306 | Vaults:1 | Received a gift from Trog
 25476 | Vaults:1 | Reached skill level 5 in Dodging
 25648 | Vaults:1 | Reached XP level 17. HP: 102/124 MP: 15/18
 26766 | Vaults:2 | Noticed Saint Roka
 26786 | Vaults:2 | Killed Saint Roka
 27778 | Vaults:2 | Received a gift from Trog
 27829 | Vaults:2 | Reached skill level 10 in Dodging
 27843 | Vaults:2 | Reached skill level 1 in Crossbows
 28357 | Vaults:2 | Reached skill level 5 in Crossbows
 28622 | Vaults:3 | Entered Level 3 of the Vaults
 28622 | Vaults:3 | Found a staircase to the Slime Pits.
 28622 | Vaults:3 | Found a staircase to the Depths.
 28627 | Vaults:3 | Noticed a sphinx
 28629 | Vaults:3 | Noticed Mennas
 28642 | Vaults:3 | Killed Mennas
 28642 | Vaults:3 | Reached XP level 18. HP: 61/132 MP: 7/19
 28648 | Vaults:3 | HP: 1/132 [fire giant/bolt of fire (12)]
 28695 | Vaults:3 | HP: 5/132 [stone giant/large rock (20)]
 28696 | Vaults:3 | Hit by a large rock thrown by a stone giant

Skill      XL: |  1  2  3  4  5  6  7  8  9 10 11 12 13 14 15 16 17 18 |
---------------+-------------------------------------------------------+-----
Maces & Staves | 4 5 6 7 9 11 14 15 18 20 | 20.0
Fighting       | 9 10 12 13 15 | 15.6
Armour         | 9 12 13 14 15 | 15.2
Dodging        | 5 10 | 10.0
Crossbows      | 7 8 |  8.9

Action                   |  1- 3 |  4- 6 |  7- 9 | 10-12 | 13-15 | 16-18 || total
-------------------------+-------+-------+-------+-------+-------+-------++-------
Melee: Mace              |    28 |       |    73 |   439 |    82 |       ||   622
       Dagger            |    74 |    73 |       |       |       |       ||   147
       Flail             |       |   150 |   133 |       |       |       ||   283
       Whip              |       |       |    83 |       |       |       ||    83
       Great mace        |       |       |       |       |   962 |   798 ||  1760
Throw: Javelin           |       |       |       |       |       |     1 ||     1
Invok: Berserk           |     1 |       |       |     1 |       |       ||     2
       Trog's Hand       |       |     1 |     2 |     4 |     7 |     2 ||    16
       Brothers in Arms  |       |       |       |     1 |     4 |     5 ||    10
 Abil: Fly               |       |       |       |       |     1 |       ||     1
Evoke: Wand              |       |       |       |     1 |     1 |       ||     2
  Use: Scroll            |       |       |       |     2 |    15 |     3 ||    20
       Potion            |       |       |       |     5 |     5 |     6 ||    16
 Stab: Distracted        |       |       |       |       |     1 |     3 ||     4
Armor: Animal skin       |    26 |       |       |       |       |       ||    26
       Ring mail         |    14 |    98 |       |       |       |       ||   112
       Scale mail        |       |    21 |   125 |       |       |       ||   146
       Plate armour      |       |       |       |   301 |  1005 |   630 ||  1936
       Chain mail        |       |       |       |     3 |       |       ||     3
Dodge: Dodged            |    42 |   118 |   105 |   121 |   423 |   425 ||  1234
